 Dungeon Crawl Stone Soup version 0.26.1 (webtiles) character file.

Game seed: 16949242062654796973

7608 DasRunzen the Conjurer (level 10, -8/83 HPs)
             Began as a Demigod Conjurer on Feb 5, 2021.
             Mangled by an eight-headed hydra (18 damage)
             ... on level 1 of the Lair of Beasts.
             The game lasted 00:24:47 (12181 turns).

DasRunzen the Conjurer (Demigod Conjurer)          Turns: 12181, Time: 00:24:47

Health: -8/83      AC:  5    Str: 20    XL:     10   Next: 66%
Magic:  15/24      EV: 17    Int: 22    God:
Gold:   364        SH:  8    Dex: 18    Spells: 14/20 levels left

rFire    + . .     SeeInvis .   u - +3 flail (vorpal)
rCold    . . .     Faith    .   g - +2 buckler
rNeg     . . .     Spirit   .   a - +0 robe
rPois    .         Reflect  .   b - +2 helmet
rElec    .         Harm     .   f - scarf {repulsion}
rCorr    .         Rampage  .   (no gloves)
Will     +....                  (no boots)
Stlth    +++.......             s - amulet of magic regeneration (curse)
HPRegen  0.23/turn              j - +6 ring of strength
MPRegen  0.44/turn              l - ring of protection from fire

@: repel missiles
A: talons 1, thin skeletal structure 1, blink, high mp 2
a: Blink


You were on level 1 of the Lair of Beasts.
You visited 2 branches of the dungeon, and saw 9 of its levels.

You collected 365 gold pieces.
You spent 1 gold pieces at shops.

Inventory:

Hand Weapons
 u - a +3 vorpal flail (weapon)
 F - a -3 demon blade
Armour
 a - a +0 robe (worn)
 b - a +2 helmet (worn)
 f - a scarf of repulsion (worn)
 g - a +2 buckler (worn)
Magical Staves
 y - an uncursed staff of conjuration {unknown}
Jewellery
 c - an uncursed amulet of the acrobat
 h - an uncursed ring of stealth
 j - a +6 ring of strength (left hand)
 l - a ring of protection from fire (right hand)
 m - an uncursed ring of positive energy
 o - an uncursed ring of magical power {unknown}
 s - a cursed amulet of magic regeneration (around neck)
 t - an uncursed amulet of reflection
 w - a +4 ring of slaying {unknown}
 H - a cursed amulet of inaccuracy {unknown}
 J - an uncursed ring of poison resistance {unknown}
 M - an uncursed ring of resist corrosion {unknown}
 N - an uncursed ring of flight {unknown}
Wands
 x - a wand of flame (9)
 C - a wand of digging (6)
 D - a wand of polymorph (13)
 G - a wand of enslavement (8)
 L - a wand of iceblast (12)
Scrolls
 k - 5 scrolls of amnesia
 n - 3 scrolls of teleportation
 v - 2 scrolls of remove curse
 O - a scroll of identify
Potions
 d - 2 potions of heal wounds
 e - 3 potions of brilliance
 i - 2 potions of haste
 p - 2 potions of flight
 q - 3 potions of curing
 r - 3 potions of might
 z - 2 potions of invisibility
 A - 2 potions of resistance
 B - a potion of ambrosia {unknown}
 E - 3 potions of attraction {unknown}
 I - 2 potions of lignification {unknown}
 K - 3 potions of berserk rage {unknown}


   Skills:
 + Level 5.9 Fighting
 + Level 3.0 Long Blades
 + Level 6.0 Armour
 + Level 6.3 Dodging
 - Level 1.7 Stealth
 + Level 5.8 Shields
 + Level 5.7 Spellcasting
 + Level 7.3 Conjurations
 + Level 0.7 Hexes
 - Level 2.0 Evocations


You had 14 spell levels left.
You knew the following spells:

 Your Spells              Type           Power        Failure   Level
a - Magic Dart            Conj           100%         1%          1
b - Searing Ray           Conj           76%          1%          2
c - Dazzling Flash        Conj/Hex       48%          5%          3

Your spell library contained the following spells:

 Spells                   Type           Power        Failure   Level
 Corona                   Hex            10%          7%          1
 Animate Skeleton         Necr           12%          10%         1
 Apportation              Tloc           12%          10%         1
 Summon Small Mammal      Summ           24%          10%         1
 Fulminant Prism          Conj/Hex       12%          19%         4
 Iskenderun's Mystic Bla  Conj/Tloc      22%          21%         4


Dungeon Overview and Level Annotations

Branches:
Dungeon (8/15)             Temple (0/1) D:6            Lair (1/6) D:8

Shops:
D:4 =   D:8 *}


Innate Abilities, Weirdness & Mutations

You have a considerably increased reservoir of magic. (+20% MP)
You have sharp toenails.
You have a somewhat thin skeletal structure. (Dex +2, Stealth)
You can translocate small distances at will.


Message History

The eight-headed hydra bites you! x2
The eight-headed hydra completely misses you.
The eight-headed hydra bites you!
The eight-headed hydra closely misses you.
The eight-headed hydra bites you.
Casting: Searing Ray (safe; 1% risk of failure)
Confirm with . or Enter, or press ? or * to list all spells.
The eight-headed hydra closely misses you. x2
The eight-headed hydra completely misses you.
The eight-headed hydra closely misses you.
The eight-headed hydra barely misses you.
The eight-headed hydra misses you. The eight-headed hydra bites you!
* * * LOW HITPOINT WARNING * * *
The eight-headed hydra barely misses you.
Casting: Dazzling Flash (dangerous; 5% risk of failure)
Confirm with . or Enter, or press ? or * to list all spells.
The eight-headed hydra bites you!
* * * LOW HITPOINT WARNING * * *
The eight-headed hydra bites you!!
You die...

#+# #........###
##........###
###P........##. #
##.##........'.. ##.
#...'........### #...
#.#.#........# #...
##..##........#
##....##..###........#
#.....D@.P# #........#
##....##### ####.#####
#### ###


You could see an eight-headed hydra.

Vanquished Creatures
  An elephant (D:8)
  2 cane toads (Lair:1)
  A polar bear (Lair:1)
  Grinder (D:3)
  A hornet (D:8)
  3 blink frogs (Lair:1)
  6 yaks
  The ghost of Borgon the Covered, an amateur DDFi (D:3)
  3 basilisks
  Menkaure (D:6)
  Edmund (D:3)
  3 water moccasins
  2 orc warriors
  2 black bears
  4 sky beasts
  3 necrophages
  A phantom (D:5)
  3 centaurs
  3 ogres
  Blork the orc (D:6)
  6 bullfrogs
  A gnoll sergeant (D:6)
  3 scorpions
  4 wights (D:6)
  2 howler monkeys (D:6)
  2 bullfrog zombies (D:8)
  5 orc priests
  4 hounds
  2 bullfrog skeletons
  4 iguanas
  Jessica (D:2)
  3 worker ants
  6 orc wizards
  Natasha (thrice) (D:4)
  A hound zombie (D:4)
  5 gnolls (D:6)
  6 adders
  A shadow imp (D:6)
  A white imp (D:5)
  3 ufetubi
  An ooze (D:3)
  2 adder skeletons
  3 worms
  2 dart slugs
  6 leopard geckos
  33 orcs
  A ball python (D:7)
  9 giant cockroaches
  4 goblins
  10 hobgoblins
  4 jackals
  3 quokkas
  8 bats
  2 frilled lizards
  3 kobolds
  A leopard gecko zombie (D:5)
  3 quokka skeletons
  5 rats
206 creatures vanquished.

Vanquished Creatures (others)
  2 fungi (Lair:1)
  2 plants (D:2)
4 creatures vanquished.

Grand Total: 210 creatures vanquished

Notes
Turn   | Place    | Note
-------+----------+-------------------------------------------
     0 | D:1      | DasRunzen the Demigod Conjurer began the quest for the Orb.
     0 | D:1      | Reached XP level 1. HP: 14/14 MP: 5/5
   487 | D:1      | Reached XP level 2. HP: 22/22 MP: 5/7
   491 | D:1      | Learned a level 2 spell: Searing Ray
  1236 | D:2      | Noticed Jessica
  1242 | D:2      | Killed Jessica
  1243 | D:2      | Reached skill level 1 in Fighting
  1243 | D:2      | Reached skill level 1 in Armour
  1243 | D:2      | Reached XP level 3. HP: 28/28 MP: 3/8
  1464 | D:2      | Reached skill level 4 in Conjurations
  1921 | D:3      | Reached XP level 4. HP: 35/35 MP: 7/10
  2021 | D:3      | Noticed a black bear
  2021 | D:3      | Noticed Borgon's ghost (amateur DDFi)
  2022 | D:3      | Noticed a necrophage
  2260 | D:3      | Found a runed translucent gate.
  2260 | D:3      | Found a runed translucent gate.
  2260 | D:3      | Found a runed translucent gate.
  2538 | D:3      | Reached skill level 1 in Shields
  2796 | D:3      | Noticed Grinder
  2806 | D:3      | Paralysed by Grinder for 7 turns
  2815 | D:3      | Killed Grinder
  2816 | D:3      | Reached XP level 5. HP: 12/41 MP: 0/12
  2816 | D:3      | Reached XP level 6. HP: 14/48 MP: 0/13
  3446 | D:4      | Found Siwaol's Jewellery Shop.
  3641 | D:4      | Noticed Edmund
  4013 | D:3      | Killed Edmund
  4408 | D:4      | Noticed Natasha
  4412 | D:4      | Killed Natasha
  4413 | D:4      | Reached XP level 7. HP: 46/56 MP: 10/14
  4551 | D:4      | Found an ornate altar of the Wu Jian Council.
  4615 | D:4      | Noticed Natasha
  4620 | D:4      | Killed Natasha
  4794 | D:4      | Noticed Natasha
  4798 | D:4      | Killed Natasha
  4833 | D:5      | Entered Level 5 of the Dungeon
  5234 | D:5      | Found a radiant altar of Vehumet.
  5249 | D:5      | Reached skill level 5 in Conjurations
  6132 | D:5      | Found an opulent altar of Gozag.
  6134 | D:5      | Found a stormy altar of Qazlal.
  6180 | D:5      | Reached XP level 8. HP: 24/63 MP: 12/16
  6663 | D:5      | Gained mutation: You can translocate small distances at
                  | will. [potion of mutation]
  6663 | D:5      | Gained mutation: You have sharp toenails. [potion of
                  | mutation]
  6663 | D:5      | Gained mutation: You have a considerably increased
                  | reservoir of magic. (+20% MP) [potion of mutation]
  6663 | D:5      | Gained mutation: You have a somewhat thin skeletal
                  | structure. (Dex +2, Stealth) [potion of mutation]
  6958 | D:6      | Reached skill level 1 in Evocations
  7101 | D:6      | Noticed Menkaure
  7109 | D:6      | Killed Menkaure
  7210 | D:6      | Found a staircase to the Ecumenical Temple.
  7319 | D:6      | Noticed Blork the orc
  7326 | D:6      | Killed Blork the orc
  7403 | D:6      | Reached XP level 9. HP: 71/71 MP: 20/20
  7442 | D:6      | Reached skill level 6 in Conjurations
  7725 | D:7      | Found a shadowy altar of Dithmenos.
  7802 | D:7      | Reached skill level 5 in Dodging
  8641 | D:8      | Reached skill level 5 in Armour
  8760 | D:8      | Found a white marble altar of Elyvilon.
  8761 | D:8      | Found a hazy altar of Hepliaklqana.
  8761 | D:8      | Found a glowing golden altar of the Shining One.
  8762 | D:8      | Found a shadowy altar of Dithmenos.
  8762 | D:8      | Found an ancient bone altar of Kikubaaqudgha.
  8762 | D:8      | Found Lalexte's Lightly-Used Armoury.
  8779 | D:8      | Found an iron altar of Okawaru.
  8779 | D:8      | Found a broken altar of Ashenzari.
  8781 | D:8      | Bought a -3 demon blade for 1 gold piece
  8987 | D:8      | Found Netiof's Gadget Shoppe.
  9007 | D:8      | Found a staircase to the Lair.
  9008 | D:8      | Noticed an elephant
  9026 | D:8      | Reached skill level 5 in Fighting
  9026 | D:8      | Reached skill level 5 in Spellcasting
  9206 | D:8      | Killed an elephant
  9207 | D:8      | Reached skill level 1 in Long Blades
  9207 | D:8      | Reached skill level 5 in Shields
  9556 | D:8      | Found a snail-covered altar of Cheibriados.
  9634 | D:8      | Reached XP level 10. HP: 72/81 MP: 23/23
 10108 | D:3      | Killed Borgon's ghost
 10458 | Lair:1   | Entered Level 1 of the Lair of Beasts
 10661 | Lair:1   | Reached skill level 7 in Conjurations
 11071 | Lair:1   | Noticed a seven-headed hydra
 11082 | Lair:1   | HP: 3/83 [seven-headed hydra (14)]
 11434 | Lair:1   | Learned a level 3 spell: Dazzling Flash
 12174 | Lair:1   | Noticed an eight-headed hydra
 12181 | Lair:1   | Mangled by an eight-headed hydra

Illustrated notes

Levels and vault maps discovered:
D:1:      dpeg_arrival_stonehenge_8_columns, layout_loops_cross
D:2:      layout_basic, guppyfry_early_lair_pool, uniq_jessica
D:3:      layout_basic, gammafunk_ghost_split, uniq_grinder
D:4:      layout_cave_pools, pdpol_wu_jian_five_deadly_venoms, serial_shops,
          kennysheep_mini, uniq_natasha, uniq_edmund
D:5:      layout_basic, chequers_temple_overflow_statue_of_worship,
          vehumet_altar_wand_db
D:6:      layout_basic, minmay_temple_entry_antechambers, uniq_blork_the_orc,
          uniq_menkaure
D:7:      layout_basic, basic_altar
D:8:      layout_loops_ring, grunt_temple_overflow_open, david_lair_generic,
          serial_shops, shop, minmay_shop_damaged,
          chequers_serial_rivers_micro_e
Lair:1:   layout_roguey

Skill      XL: |  1  2  3  4  5  6  7  8  9 10 |
---------------+-------------------------------+-----
Dodging        | 2 3 4 5 6 |  6.3
Spellcasting   | 2 3 4 5 |  5.7
Fighting       | 1 2 3 4 5 |  5.9
Armour         | 1 2 3 4 5 6 |  6.0
Conjurations   | 4 5 6 7 |  7.3
Shields        | 1 2 3 4 5 |  5.8
Evocations     | 2 |  2.0
Long Blades    | 1 3 |  3.0
Stealth        | |  1.7
Hexes          | |  0.7

Action                   |  1- 3 |  4- 6 |  7- 9 | 10-12 || total
-------------------------+-------+-------+-------+-------++-------
Melee: Trident           |       |    49 |       |       ||    49
       Flail             |       |    21 |   230 |    41 ||   292
       Kick              |       |       |    61 |    10 ||    71
 Cast: Magic Dart        |    75 |    36 |     1 |     1 ||   113
       Searing Ray       |     1 |    17 |    36 |    21 ||    75
       Dazzling Flash    |       |       |       |     2 ||     2
  Use: Scroll            |     6 |     1 |    15 |     2 ||    24
       Potion            |       |     1 |     1 |       ||     2
 Stab: Sleeping          |       |       |    12 |     1 ||    13
Armor: Robe              |     2 |    22 |    52 |    13 ||    89
Dodge: Dodged            |     5 |   114 |   253 |    84 ||   456
       Repelled          |       |       |     4 |       ||     4
Block: Buckler           |       |       |    24 |    30 ||    54
